 Dungeon Sprint DCSS version 0.30-a0-918-g0ff054e9dc (webtiles) character file.

Game seed: 11515665847826058329

3224 BigDaddyOpFi the Fighter (level 9, -15/65 HPs)
             Began as a Gargoyle Fighter on Mar 20, 2023.
             Was the Champion of Qazlal.
             Demolished by an emperor scorpion (19 damage)
             ... summoned by a royal mummy
             ... in the Dungeon (Sprint V: "Ziggurat Sprint").
             The game lasted 00:02:22 (1049 turns).

BigDaddyOpFi the Fighter (Gargoyle Fighter)         Turns: 1049, Time: 00:02:22

Health: -15/65     AC: 39    Str: 30    XL:     9   Next: 98%
Magic:  16/16      EV: 13    Int:  9    God:    Qazlal [******]
Gold:   0          SH:  8    Dex:  9    Spells: 8/8 levels left

rFire   . . .      SeeInvis +    a - +27 heavy crossbow "Sniper" {heavy, Acc+∞ SInv}
rCold   . . .      Faith    .    (shield currently unavailable)
rNeg    + . .      Spirit   .    C - +15 Maxwell's patent armour {-Cast -Tele rElec Will+ rCorr}
rPois   ∞          Reflect  .    (no helmet)
rElec   +          Rampage  .    (no cloak)
rCorr   +          NoTele   +    (no gloves)
Will    +....      NoCast   +    (no boots) Stlth
                                 (no amulet)
HPRegen 0.30/turn                x - +6 ring of strength
MPRegen 0.15/turn                b - +5 ring of evasion

@: protected from physical damage, contaminated, slowed, glowing, repel
missiles, very slow
A: sickness immunity, AC +6, negative energy resistance 1, electricity
resistance, torment resistance 1, petrification resistance
a: Renounce Religion, Upheaval, Elemental Force, Disaster Area


You were in the Dungeon.
You worshipped Qazlal.
Qazlal was exalted by your worship.
You visited 1 branch

Inventory:

Hand Weapons
 a - the +27 heavy crossbow "Sniper" (weapon) {heavy, Acc+∞ SInv}
   (You found it in the Dungeon)

   Acc+∞: It never misses its target.
   SInv:      It lets you see invisible.
 D - the +11 plutonium sword {Contam Stlth-}
   (You found it in the Dungeon)

   Contam:    It causes magical contamination when unequipped.
   Stlth:     It makes you less stealthy.
Armour
 C - the +15 Maxwell's patent armour (worn) {-Cast -Tele rElec Will+ rCorr}
   (You found it in the Dungeon)

   rElec:     It insulates you from electricity.
   -Cast:     It prevents spellcasting.
   -Tele:     It prevents most forms of teleportation.
   rCorr:     It protects you from acid and corrosion.
   Will:      It increases your willpower.
Jewellery
 b - a +5 ring of evasion (right hand)
 c - a +6 ring of intelligence
 n - a +6 ring of strength
 s - a ring of flight
 t - a +6 ring of dexterity
 u - a +6 ring of dexterity
 v - a +6 ring of intelligence
 w - a +6 ring of intelligence
 x - a +6 ring of strength (left hand)
 y - a +6 ring of strength
 F - a +6 ring of dexterity
Wands
 z - a wand of mindburst (7)
 A - a wand of acid (7)
Scrolls
 j - 4 scrolls of blinking
 o - 4 scrolls of amnesia
 p - 8 scrolls of fog
 q - 5 scrolls of identify
 r - 2 scrolls of fear
 G - 4 scrolls of enchant weapon
Potions
 d - 7 potions of might
 e - 10 potions of curing
 f - 6 potions of heal wounds
 g - 10 potions of haste
 h - 6 potions of magic
 i - 3 potions of berserk rage
 k - 2 potions of brilliance
 l - 2 potions of invisibility
 m - 4 potions of resistance
Miscellaneous
 B - a lightning rod (4/4)
 E - a box of beasts


   Skills:
 + Level 11.8 Fighting
 + Level 8.8(9.1) Short Blades
 - Level 3.1(6.4) Long Blades
 - Level 1.7 Axes
 + Level 11.8 Armour
 + Level 11.8 Shields
 + Level 10.5 Invocations


You had 8 spell levels left.
You didn't know any spells.
Your spell library contained the following spells:

 Spells                   Type           Power      Damage    Failure   Level
 Dispel Undead            Necr           0%         3d6       100%        4
 Yara's Violent Unravell  Hex/Tmut       0%         3d3       100%        5
 Death Channel            Necr           0%         N/A       100%        6
 Enfeeble                 Hex            0%         N/A       100%        7
 Cigotuvi's Dreadful Rot  Necr/Pois/Air  Unusable   N/A       N/A         2

Dungeon Overview and Level Annotations

Branches:
Dungeon (1/1)

Altars:
Ashenzari
Cheibriados
Dithmenos
Elyvilon
Fedhas
Gozag
Hepliaklqana
Kikubaaqudgha
Makhleb
Nemelex Xobeh
Okawaru
Qazlal
Ru
Sif Muna
Trog
Uskayaw
Vehumet
Wu Jian
Xom
Yredelemnul
Zin
The Shining One
Jiyva
Lugonu

Annotations:
D 1 transporter


Innate Abilities, Weirdness & Mutations

You are immune to sickness and miasma.
Your stone body is resilient. (AC +6)
You are immune to poison.
You resist negative energy. (rN+)
You are resistant to electric shocks. (rElec)
You are resistant to unholy torment.
You are immune to petrification.


Message History

The emperor scorpion claws you but does no damage.
The emperor scorpion stings you. The emperor scorpion misses you.
The emperor scorpion claws you but does no damage.
The death scarab is struck by lightning.
Unknown command.
You don't have enough magic at the moment.
Unknown command.
Magic courses through your body.
The death scarab is no longer encased in ice. x2
The emperor scorpion is no longer encased in ice. x2
The mummy priest is no longer encased in ice.
The death scarab is engulfed in blazing flames.
The death scarab bites you but does no damage. x2
The death scarab is struck by lightning.
The death scarab is engulfed in blazing flames.
The death scarab is engulfed in seething chaos.
The death scarab is engulfed in blazing flames.
The death scarab barely misses you.
The death scarab is struck by lightning.
You block the royal mummy's attack. The emperor scorpion stings you!
The emperor scorpion claws you but does no damage. x2
The emperor scorpion stings you but does no damage.
The emperor scorpion claws you but does no damage. x2
The emperor scorpion is engulfed in freezing vapours.
The death scarab is engulfed in seething chaos.
The death scarab seems to slow down.
The death scarab bites you but does no damage.
The emperor scorpion is engulfed in freezing vapours.
You block the royal mummy's attack. The mummy priest completely misses you.
The death scarab is engulfed in blazing flames.
You destroy the death scarab!
The death scarab's corpse disappears in a puff of smoke!
The emperor scorpion is engulfed in freezing vapours.
The emperor scorpion barely misses you. x2
The emperor scorpion claws you but does no damage.
The emperor scorpion stings you!
* * * LOW HITPOINT WARNING * * *
The emperor scorpion barely misses you. The emperor scorpion misses you.
The emperor scorpion stings you!!
You die...

▓▓▓▓▓▓▓▓▓▓▓▓▓▓▓▓▓▓▓
▓...8©8...▓..8©8..▓
▓..)))):..▓..}))..▓
▓...}[[...▓..}....▓
▓.........▓.......▓
▓.§.≈..§..▓.......▓
▓§.sBs§○..▓.......▓
▓.9BM°sB..▓..[....▓
▓.▓Bs@sB▓.▓.▓...▓.▓
▓...MsBB..▓...©...▓
▓▓▓▓▓▓▓▓▓▓▓▓▓▓▓▓▓▓▓


You could see a royal mummy, 6 emperor scorpions, a mummy priest, an ushabti and
7 death scarabs.

Vanquished Creatures
  2 rime drakes (D)
  A guardian mummy (D)
  2 tarantellas (D)
  2 air elementals (D)
  2 yaks (D)
  A steam dragon (D)
  An acid dragon (D)
  2 swamp drakes (D)
  An orc warrior (D)
  3 phantoms (D)
  3 necrophages (D)
  5 scorpions (D)
  2 wights (D)
  4 orc priests (D)
  An iguana (D)
  An orc wizard (D)
  2 mummies (D)
  A river rat (D)
  3 adder zombies (D)
  An orc (D)
  A bat zombie (D)
  A quokka simulacrum (D)
42 creatures vanquished.

Notes
Turn   | Place    | Note
-------+----------+-------------------------------------------
     0 | D        | BigDaddyOpFi the Gargoyle Fighter began the quest for the
                  | Orb.
     0 | D        | Reached XP level 1. HP: 14/14 MP: 1/1
     4 | D        | Found a shimmering blue altar of Sif Muna.
     4 | D        | Found a bloodstained altar of Trog.
     4 | D        | Found a sacrificial altar of Ru.
     4 | D        | Found a stormy altar of Qazlal.
     4 | D        | Found an iron altar of Okawaru.
     5 | D        | Found a sparkling altar of Nemelex Xobeh.
     5 | D        | Found a blossoming altar of Fedhas.
     5 | D        | Found the +6 Majin-Bo {spellvamp, MP+6 Int+6}
     5 | D        | Found the +27 heavy crossbow "Sniper" {heavy, Acc+∞ SInv}
     5 | D        | Found the +10 dark maul {heavy}
     5 | D        | Found the +15 Maxwell's patent armour {-Cast -Tele rElec
                  | Will+ rCorr}
     5 | D        | Found the +18 shield of the Gong {Loud rN+ Will+ rCorr
                  | EV-5}
     5 | D        | Found the +16 obsidian axe {drain, demonic, Mesm Drain Fly
                  | SInv}
     5 | D        | Found the +7 great mace "Firestarter" {flame, inner flame,
                  | rFlCloud rF++}
     5 | D        | Found the +6 shillelagh "Devastator" {shatter}
     5 | D        | Found the +11 plutonium sword {Contam Stlth-}
     5 | D        | Found the +8 lance "Wyrmbane" {slay drac, rPois rF+ rC+
                  | AC+3}
     5 | D        | Found the +9 sword of Zonguldrok {reap}
     5 | D        | Found the +13 scythe of Curses {drain, curses, Drain}
     5 | D        | Found the +9 sword of Power {lifebolt}
     5 | D        | Found the +7 mace of Variability {chaos, chain chaos}
     5 | D        | Found the +11 Singing Sword {sonic wave}
     5 | D        | Found the +8 storm bow {elec, penet}
     7 | D        | Found a transporter.
     7 | D        | Found an ancient bone altar of Kikubaaqudgha.
     7 | D        | Found a viscous altar of Jiyva.
     7 | D        | Found a corrupted altar of Lugonu.
     7 | D        | Found a hazy altar of Hepliaklqana.
     7 | D        | Found a burning altar of Makhleb.
     7 | D        | Found an opulent altar of Gozag.
    51 | D        | Reached skill level 5 in Fighting
    51 | D        | Reached skill level 5 in Armour
    51 | D        | Reached skill level 5 in Shields
    51 | D        | Reached XP level 2. HP: 21/21 MP: 2/2
    59 | D        | Became a worshipper of Qazlal Stormbringer
   260 | D        | Entered arena 2.
   260 | D        | Noticed an air elemental
   260 | D        | Noticed an air elemental
   260 | D        | Found a transporter.
   261 | D        | Killed an air elemental
   261 | D        | Paralysed by an air elemental for 1 turns
   262 | D        | Reached XP level 3. HP: 5/28 MP: 2/6
   262 | D        | Reached XP level 4. HP: 6/32 MP: 2/7
   262 | D        | Reached XP level 5. HP: 7/37 MP: 2/8
   264 | D        | Killed an air elemental
   265 | D        | Reached skill level 5 in Invocations
   265 | D        | Reached XP level 6. HP: 33/44 MP: 3/10
   335 | D        | Entered arena 3.
   335 | D        | Found a transporter.
   336 | D        | Reached * piety under Qazlal
   339 | D        | Reached skill level 5 in Short Blades
   339 | D        | Reached XP level 7. HP: 49/49 MP: 11/11
   446 | D        | Entered arena 4.
   446 | D        | Noticed a tarantella
   446 | D        | Noticed a tarantella
   446 | D        | Found a transporter.
   448 | D        | Killed a tarantella
   449 | D        | Reached ** piety under Qazlal
   450 | D        | Killed a tarantella
   451 | D        | Reached XP level 8. HP: 53/56 MP: 13/13
   496 | D        | Entered arena 5.
   496 | D        | Noticed a yak
   496 | D        | Noticed a yak
   496 | D        | Found a transporter.
   499 | D        | Reached *** piety under Qazlal
   500 | D        | Killed a yak
   501 | D        | Killed a yak
   502 | D        | Reached skill level 10 in Fighting
   502 | D        | Reached skill level 10 in Armour
   502 | D        | Reached skill level 10 in Shields
   604 | D        | Entered arena 6.
   604 | D        | Found a transporter.
   606 | D        | Reached **** piety under Qazlal
   619 | D        | Entered arena 7.
   620 | D        | Reached ***** piety under Qazlal
   622 | D        | Reached XP level 9. HP: 61/63 MP: 15/15
   624 | D        | Found a transporter.
   649 | D        | Entered arena 8.
   649 | D        | Noticed a rime drake
   649 | D        | Noticed a rime drake
   653 | D        | Killed a rime drake
   653 | D        | Reached ****** piety under Qazlal
   654 | D        | Killed a rime drake
   655 | D        | Reached skill level 10 in Invocations
   657 | D        | Found a transporter.
   844 | D        | Entered arena 9.
   857 | D        | Found a transporter.
  1039 | D        | Entered arena 10.
  1039 | D        | Noticed a royal mummy
  1039 | D        | Noticed a guardian mummy
  1039 | D        | Noticed a mummy priest
  1040 | D        | Noticed a death scarab
  1040 | D        | Killed a guardian mummy
  1040 | D        | Noticed a death scarab
  1041 | D        | Found a transporter.
  1042 | D        | Noticed a death scarab
  1042 | D        | Noticed a death scarab
  1044 | D        | Noticed a sixfirhy
  1044 | D        | Noticed a death scarab
  1044 | D        | Noticed a death scarab
  1044 | D        | Noticed a death scarab
  1044 | D        | Noticed a death scarab
  1045 | D        | Noticed a death scarab
  1045 | D        | Noticed a death scarab
  1045 | D        | Noticed a death scarab
  1045 | D        | Noticed a death scarab
  1045 | D        | Noticed an emperor scorpion
  1045 | D        | Noticed an emperor scorpion
  1045 | D        | Noticed an emperor scorpion
  1046 | D        | Noticed a death scarab
  1046 | D        | Noticed a death scarab
  1046 | D        | Noticed a death scarab
  1046 | D        | Noticed a death scarab
  1048 | D        | Noticed an emperor scorpion
  1048 | D        | Noticed an emperor scorpion
  1048 | D        | Noticed an emperor scorpion
  1049 | D        | Noticed a death scarab
  1049 | D        | Noticed a death scarab
  1049 | D        | Demolished by an emperor scorpion

Illustrated notes

Levels and vault maps discovered:
D:        sprint_v [room_start, room_1, room_2, room_3, room_4, room_5, room_6,
          room_7, room_8, room_9, room_10, room_11, room_12, room_13, room_14,
          room_15, room_16, room_17, room_18, room_19, room_20, room_21,
          room_22, room_23, room_24, room_25, room_26, room_27]

Skill      XL: |  1  2  3  4  5  6  7  8  9 |
---------------+----------------------------+-----
Fighting       | 5 6 7 8 9 10 11 | 11.8
Long Blades    | 3 |  3.1
Armour         | 5 6 7 8 9 10 11 | 11.8
Shields        | 5 6 7 8 9 10 11 | 11.8
Short Blades   | 3 4 5 6 7 8 |  8.8
Invocations    | 4 5 6 7 9 10 | 10.5
Axes           | |  1.7

Action                     |  1- 3 |  4- 6 |  7- 9 || total
---------------------------+-------+-------+-------++-------
  Melee: Triple sword      |       |       |     6 ||     6
   Fire: Heavy crossbow    |     1 |     5 |    31 ||    37
 Invoke: Disaster Area     |       |       |     2 ||     2
    Use: Potion            |     1 |     1 |     4 ||     6
 Armour: Plate armour      |     6 |    18 |   114 ||   138
  Dodge: Dodged            |     2 |    12 |    88 ||   102
         Repelled          |       |       |     2 ||     2
  Block: Other             |       |       |    49 ||    49

Table legend: (Time is in decaauts)
 A = Elapsed time spent in this place.
 B = Non-inter-level travel time spent in this place.
 C = Inter-level travel time spent in this place.
 D = Time resting spent in this place.
 E = Time spent auto-exploring this place.
 F = Levels seen in this place.
 G = Mean time per level.
                   A        B        C        D        E       F      G
               +--------+--------+--------+--------+--------+-----+--------+
         Total |   1163 |   1163 |      0 |    827 |      0 |   1 | 1163.0 |
       Dungeon |   1163 |   1163 |      0 |    827 |      0 |   1 | 1163.0 |
               +--------+--------+--------+--------+--------+-----+--------+

Top non-repeatable levels by time:
       D: 1163 daAuts
